 Dungeon Crawl Stone Soup version 0.30-a0-1066-g63dfefce0d (webtiles) character file.

Game seed: 9847789518192691954

40 NinjaNoafa the Magician (level 3, -8/27 HPs)
             Began as a Djinni Fire Elementalist on Apr 12, 2023.
             Mangled by a goblin
             ... wielding a +0 dagger of electrocution
             ... led by Robin
              (17 damage)
             ... on level 2 of the Dungeon.
             The game lasted 00:02:53 (943 turns).

NinjaNoafa the Magician (Djinni Fire Elementalist)   Turns: 943, Time: 00:02:53

Health: -8/27      AC:  2    Str:  7    XL:     3   Next: 72%
Gold:   22         EV: 12    Int: 18    God:
                   SH:  0    Dex: 13

rFire   + + .      SeeInvis .    b - +0 spear
rCold   x . .      Faith    .    (no shield)
rNeg    . . .      Spirit   .    a - +0 robe
rPois   ∞          Reflect  .    (no helmet)
rElec   .          Rampage  .    (no cloak)
rCorr   .                        (no gloves)
Will    .....                    (boots unavailable)
Stlth   ++                       (no amulet)
HPRegen 0.24/turn                (no ring)
MPRegen 0.00/turn                (no ring)

@: flying
A: sickness immunity, fire resistance 2, cold vulnerability 1, float, innate
caster, HP casting, extra vitality 1
a: no special abilities


You were on level 2 of the Dungeon.
You visited 1 branch of the dungeon, and saw 2 of its levels.

You collected 66 gold pieces.
You spent 44 gold pieces at shops.

Inventory:

Hand Weapons
 b - a +0 spear (weapon)
Armour
 a - a +0 robe (worn)
Scrolls
 c - a scroll of immolation
Potions
 d - a potion of might
 e - 3 potions of heal wounds
 f - a potion of invisibility {unknown}
 g - a potion of haste {unknown}


   Skills:
 + Level 1.4 Fighting
 - Level 2.1 Dodging
 - Level 1.5 Stealth
 * Level 3.2 Spellcasting


You knew the following spells:

 Your Spells              Type           Power      Damage    Failure   Level
a - Foxfire               Conj/Fire      56%        2x1d6     4%          1
b - Scorch                Fire           28%        2d6       6%          2
c - Volatile Blastmotes   Fire/Tloc      28%        2d12      13%         3
d - Inner Flame           Hex/Fire       14%        N/A       13%         3
e - Flame Wave            Conj/Fire      14%        2d6       38%         4
f - Sting                 Tmut/Pois      56%        1d5       4%          1
Your spell library was empty.

Dungeon Overview and Level Annotations

Branches:
Dungeon (2/15)

Altars:

Shops:
D:1 ?

Annotations:
D:2 Robin


Innate Abilities, Weirdness & Mutations

You are immune to sickness and miasma.
You are immune to poison.
Your flesh is very heat resistant. (rF++)
You are vulnerable to cold. (rC-)
You float through the air rather than walking.
You learn spells naturally, not from books.
Your magical power is your life essence.
You have superior vitality. (+4 MHP)


Message History

The goblin shouts! x2
There are monsters nearby!
There are monsters nearby!
Casting: Foxfire (safe; 4% risk of failure)
Confirm with . or Enter, or press ? or * to list all spells.
Aiming: Inner Flame (quite dangerous; 13% risk of failure)
Press: ? - help, Dir - move target, f - goblin
Aim: a goblin, wielding a +0 dagger (chance to affect: 81%)
The goblin barely resists.
You hear a shout!
A goblin comes into view. It is wielding a +0 dagger.
Robin throws the goblin at you! 3 goblins come into view.
The goblin shouts!
A goblin comes into view. It is wielding a +0 club.
The goblin hits you with a +0 dagger of electrocution.
Robin roars a battlecry!
The goblins go into a battle-frenzy!
The goblin shouts!
Casting: Inner Flame (quite dangerous; 13% risk of failure)
Confirm with . or Enter, or press ? or * to list all spells.
Aiming: Inner Flame (quite dangerous; 13% risk of failure)
Press: ? - help, Dir - move target, f/p - goblin
Aim: a goblin, wielding a +0 dagger (strong, chance to affect: 81%)
The goblin is filled with an inner flame.
The goblin shouts! x2
The goblin misses you. The goblin closely misses you.
The goblin hits you but does no damage. Robin throws the goblin at you!
Casting: Inner Flame (quite dangerous; 13% risk of failure)
Confirm with . or Enter, or press ? or * to list all spells.
A cloud of volatile blastmotes flares up around you!
The goblin misses you. The goblin hits you with a +0 club.
The goblin hits you with a +0 dagger.
* * * LOW HITPOINT WARNING * * *
Robin throws the goblin at you!
The goblin hits you with a +0 dagger of electrocution.
* * * LOW HITPOINT WARNING * * *
You are electrocuted!
Ouch! That really hurt!
You die...

#. #. #. #. # #.
.# .#####.####.#
#
.gg..gg.g...#.#.
.g.gggg@g......?
.##.####g.....#
# #.###### #.
#.# #.####.#
..##....#.#
..........#
.######.### #.#


You could see Robin and 11 goblins.

Vanquished Creatures
  A dart slug (D:1)
  7 endoplasms (D:1)
  3 giant cockroaches (D:1)
  2 goblins (D:1)
  3 hobgoblins
  2 kobolds
  3 quokkas
  5 bats (D:1)
  A frilled lizard (D:1)
  6 rats (D:1)
33 creatures vanquished.

Vanquished Creatures (collateral kills)
  A foxfire (D:1)
1 creature vanquished.

Vanquished Creatures (others)
  47 foxfires
47 creatures vanquished.

Grand Total: 81 creatures vanquished

Notes
Turn   | Place    | Note
-------+----------+-------------------------------------------
     0 | D:1      | NinjaNoafa the Djinni Fire Elementalist began the quest for
                  | the Orb.
     0 | D:1      | NinjaNoafa set off with the following spells memorised:
                  | Foxfire, Scorch, Volatile Blastmotes, Inner Flame, Flame
                  | Wave.
     0 | D:1      | Reached XP level 1. HP: 15/15 MP: 0/0
   133 | D:1      | Reached XP level 2. HP: 19/22 MP: 0/0
   231 | D:1      | Reached skill level 1 in Fighting
   311 | D:1      | Reached XP level 3. HP: 20/27 MP: 0/0
   311 | D:1      | Learned a level 1 spell: Sting
   317 | D:1      | Reached skill level 3 in Spellcasting
   369 | D:1      | Found a faded altar of an unknown god.
   402 | D:1      | Found Vualock's Magic Scroll Shoppe.
   407 | D:1      | Bought a scroll of identify for 22 gold pieces
   407 | D:1      | Bought a scroll of identify for 22 gold pieces
   939 | D:2      | Noticed Robin
   943 | D:2      | Mangled by a goblin

Illustrated notes

Levels and vault maps discovered:
D:1:      co_arrival_square_in_a_square_in_a_square, layout_loops_ring,
          hellmonk_ecumenical_altar_run_dry, serial_shops, shop,
          minmay_octomino_c4
D:2:      layout_loops_ring, fountainhead, minmay_fountain_box,
          chequers_serial_rivers_micro_c, uniq_robin, uniq_jessica

Skill      XL: |  1  2  3 |
---------------+----------+-----
Fighting       | 1 |  1.4
Spellcasting   | 3 |  3.2
Dodging        | |  2.1
Stealth        | |  1.5

Action                     || total
---------------------------++-------
  Melee: Spear             ||     9
   Cast: Foxfire           ||    37
         Scorch            ||    10
         Sting             ||    17
         Inner Flame       ||     2
         Volatile Blastmot ||     1
    Use: Scroll            ||     3
 Armour: Robe              ||     8
  Dodge: Dodged            ||    26

Table legend: (Time is in decaauts)
 A = Elapsed time spent in this place.
 B = Non-inter-level travel time spent in this place.
 C = Inter-level travel time spent in this place.
 D = Time resting spent in this place.
 E = Time spent auto-exploring this place.
 F = Levels seen in this place.
 G = Mean time per level.
                   A        B        C        D        E       F      G
               +--------+--------+--------+--------+--------+-----+--------+
         Total |    943 |    898 |     45 |     38 |    658 |   2 |  471.5 |
       Dungeon |    943 |    898 |     45 |     38 |    658 |   2 |  471.5 |
               +--------+--------+--------+--------+--------+-----+--------+

Top non-repeatable levels by time:
     D:1: 861 daAuts
     D:2: 81 daAuts
